 Dungeon Crawl Stone Soup version 0.31-a0-879-g1609e0ac53 (webtiles) character file.

Game seed: 8274052320479792883

1642 archon2 the Conjurer (level 8, -6/46 HPs)
             Began as an Octopode Conjurer on Oct 14, 2023.
             Mangled by a gnoll sergeant
             ... wielding a +0 trident
              (16 damage)
             ... on level 6 of the Dungeon.
             The game lasted 00:23:23 (8072 turns).

archon2 the Conjurer (Octopode Conjurer)            Turns: 8072, Time: 00:23:24

Health: -6/46      AC:  1    Str:  6    XL:     8   Next: 99%
Magic:  0/14       EV: 14    Int: 22    God:
Gold:   204        SH:  0    Dex: 11    Spells: 2/16 levels left

rFire   . . .        b - +0 sling
rCold   . . .        (no shield)
rNeg    . . .        (helmet restricted)
rPois   .            c - amulet of guardian spirit
rElec   .            (no ring)
rCorr   .            (no ring)
SInv    .            (no ring)
Will    .....        (no ring)
Stlth   +++          (no ring)
HPRegen 0.27/turn    (no ring)
MPRegen 0.14/turn    (no ring)
                     (no ring)

%: guardian spirit
@: no status effects
A: almost no armour, amphibious, 8 rings, camouflage 1, gelatinous body 1,
(nimble swimmer 1), tentacles
a: no special abilities


You were on level 6 of the Dungeon.
You visited 1 branch of the dungeon, and saw 6 of its levels.
You also visited: Sewer.

You collected 270 gold pieces.
You spent 66 gold pieces at shops.

Inventory:

Hand Weapons
 a - a +0 rapier of protection
 b - a +0 sling (weapon)
 g - a +0 dagger
 p - a +0 short sword
 y - a +0 trident
Jewellery
 c - an amulet of guardian spirit (around mantle)
Wands
 e - a wand of mindburst (16)
Scrolls
 d - a scroll of butterflies {unknown}
 i - a scroll of identify {@r1}
 j - 3 scrolls of revelation
 k - 3 scrolls of teleportation {unknown}
 q - 2 scrolls of torment {unknown}
 r - a scroll of enchant weapon {unknown}
 s - a scroll of blinking {unknown}
 t - a scroll of fear {unknown}
 w - 2 scrolls of fog {unknown}
 x - 3 scrolls of noise {unknown}
 A - a scroll of amnesia {unknown}
 B - a scroll of vulnerability {unknown}
Potions
 f - 2 potions of haste
 h - 2 potions of might
 l - 2 potions of lignification
 m - 2 potions of brilliance {unknown}
 o - a potion of berserk rage {unknown}
 u - a potion of resistance {unknown}
 v - a potion of cancellation {unknown}
 z - a potion of ambrosia {unknown}


   Skills:
 + Level 5.0 Dodging
 - Level 4.3 Stealth
 + Level 4.6 Spellcasting
 * Level 7.4 Conjurations
 * Level 6.7 Poison Magic


You had 2 spell levels left.
You knew the following spells:

 Your Spells              Type           Power      Damage    Failure   Level
a - Magic Dart            Conj           100%       1d8       1%          1
b - Searing Ray           Conj           76%        2d7       1%          2
c - Mephitic Cloud        Conj/Pois/Air  25%        N/A       4%          3
d - Fulminant Prism       Conj/Hex       10%        3d8       22%         4
e - Iskenderun's Mystic   Conj/Tloc      21%        2d6       22%         4

Your spell library contained the following spells:

 Spells                   Type           Power      Damage    Failure   Level
 Call Imp                 Summ           10%        N/A       16%         2
 Dazzling Flash           Conj/Hex       42%        N/A       7%          3
 Haunt                    Necr/Summ      2%         N/A       100%        7
 Borgnjor's Revivificati  Necr           2%         N/A       100%        8
 Death's Door             Necr           2%         N/A       100%        9


Dungeon Overview and Level Annotations

Branches:
Dungeon (6/15)              Sewer (visited)
 Temple: D:4-7

Altars:
Dithmenos
Fedhas
Okawaru

Shops:
D:2 !   D:5 (

Annotations:
D:5 exclusion: centaur
D:6 exclusions: 2 orcs and orc wizard


Innate Abilities, Weirdness & Mutations

You cannot wear most types of armour.
You are amphibious.
You can wear up to eight rings at the same time.
Your skin changes colour to match your surroundings (Stealth+).
Your rubbery body absorbs attacks. (AC +1, EV +1)
((You are camouflaged when in or above water. (Stealth+)))
You have tentacles for arms and can constrict up to eight enemies at once.


Message History

Confirm with . or Enter, or press ? or * to list all spells.
Restarting spell: Searing Ray (safe; 1% risk of failure)
Press: ? - help, Shift-Dir - straight line, f - gnoll sergeant
Aim: a gnoll sergeant, wielding a +0 trident and wearing a +0 scale mail (lightly wounded, 86% to hit)
The searing ray hits the gnoll sergeant!
The gnoll sergeant is heavily wounded. (Press . to maintain the ray.)
The gnoll sergeant barely misses you.
The searing ray hits the gnoll sergeant!
The gnoll sergeant is severely wounded.
The gnoll sergeant barely misses you.
Without enough magic to sustain it, your searing ray dissipates.
The gnoll sergeant hits you from afar with a +0 trident!
The gnoll sergeant misses you.
The gnoll sergeant attacks as it pursues you!
The gnoll sergeant misses you.
The gnoll sergeant attacks as it pursues you!
The gnoll sergeant barely misses you.
The gnoll sergeant attacks as it pursues you!
The gnoll sergeant hits you from afar with a +0 trident.
Casting: Searing Ray (safe; 1% risk of failure)
Confirm with . or Enter, or press ? or * to list all spells.
Aiming: Magic Dart (safe; 1% risk of failure)
Press: ? - help, Shift-Dir - straight line, f/p - gnoll sergeant
Aim: a gnoll sergeant, wielding a +0 trident and wearing a +0 scale mail (severely wounded, 100% to hit)
The magic dart hits the gnoll sergeant but does no damage.
The gnoll sergeant is severely wounded.
The gnoll sergeant barely misses you.
The gnoll sergeant attacks as it pursues you!
The gnoll sergeant hits you from afar with a +0 trident!
The gnoll sergeant attacks as it pursues you!
The gnoll sergeant hits you from afar with a +0 trident.
The gnoll sergeant attacks as it pursues you!
The gnoll sergeant misses you.
The gnoll sergeant attacks as it pursues you!
The gnoll sergeant hits you from afar with a +0 trident!
* * * LOW HITPOINT WARNING * * *
The gnoll sergeant attacks as it pursues you!
The gnoll sergeant hits you from afar with a +0 trident!
You die...

...#.~b#.#P~~###
...#~~.#.#~.~#.#
#..#~..#.#~.~#.#
...#~.~#.#P~~#.#
#.###~~#.#~.##.# #.#
##b#.#.###.# ..#
###.#####.# ###
####.####..########
#.........<.@.g...#
#.###############.##
# ##...## ##.>...#
#......# #......##
#.#.....# #.#####.#
#. # #.#


You could see a gnoll sergeant.

Vanquished Creatures
  An ice beast (D:5)
  3 black bears
  An ogre (D:5)
  A centaur (D:6)
  A phantom (D:4)
  4 scorpions
  5 hounds
  2 jellies (D:4)
  4 orc priests
  2 iguanas (D:5)
  2 orc wizards
  16 adders
  8 gnolls
  2 river rats (Sewer)
  2 ufetubi (D:6)
  5 dart slugs
  15 orcs
  6 bats
  8 endoplasms
  4 giant cockroaches
  A goblin (D:4)
  8 hobgoblins
  15 jackals
  6 kobolds
  4 quokkas
  12 ball pythons
  4 frilled lizards (Sewer)
  11 rats
153 creatures vanquished.

Notes
Turn   | Place    | Note
-------+----------+-------------------------------------------
     0 | D:1      | archon2 the Octopode Conjurer began the quest for the Orb.
     0 | D:1      | Reached XP level 1. HP: 11/11 MP: 3/3
    21 | D:1      | Noticed a minotaur zombie
    23 | D:1      | Noticed a merfolk zombie
   222 | D:1      | Reached XP level 2. HP: 17/17 MP: 0/5
   276 | D:1      | Learned a level 2 spell: Searing Ray
  1050 | D:2      | Reached XP level 3. HP: 21/21 MP: 6/6
  1653 | D:2      | Found Emmyirpheuse's Distillery.
  1660 | D:2      | Bought a potion of heal wounds for 55 gold pieces
  1660 | D:2      | Bought a potion of degeneration for 11 gold pieces
  1828 | D:3      | Reached XP level 4. HP: 26/27 MP: 4/7
  1922 | D:3      | Found a glowing drain.
  1965 | Sewer    | Entered a sewer
  2391 | Sewer    | Reached XP level 5. HP: 31/31 MP: 5/9
  2772 | D:3      | Learned a level 3 spell: Mephitic Cloud
  2953 | D:3      | Found an iron altar of Okawaru.
  3150 | D:3      | Reached skill level 1 in Poison Magic
  3919 | D:4      | Reached skill level 5 in Conjurations
  3967 | D:4      | Noticed a phantom
  3976 | D:4      | Killed a phantom
  3977 | D:4      | Reached XP level 6. HP: 36/36 MP: 2/10
  4934 | D:4      | Reached XP level 7. HP: 25/41 MP: 5/12
  5704 | D:5      | Entered Level 5 of the Dungeon
  5789 | D:5      | Reached skill level 6 in Conjurations
  6173 | D:5      | Found a blossoming altar of Fedhas.
  6219 | D:5      | Reached XP level 8. HP: 43/46 MP: 8/13
  6304 | D:5      | Reached skill level 5 in Poison Magic
  6341 | D:5      | Learned a level 4 spell: Fulminant Prism
  6346 | D:5      | Learned a level 4 spell: Iskenderun's Mystic Blast
  6452 | D:5      | Found Ompam's Weapon Emporium.
  7334 | D:6      | Found a shadowy altar of Dithmenos.
  7388 | D:6      | Reached skill level 7 in Conjurations
  8041 | D:6      | Reached skill level 5 in Dodging
  8072 | D:6      | Mangled by a gnoll sergeant

Illustrated notes

Levels and vault maps discovered:
D:1:      shiori_arrival_whats_in_store_for_you, layout_loops_ring,
          reono_crystal_passage
D:2:      layout_loops_corners, serial_shops, nicolae_square_shop
D:3:      kb_forest_paths, layout_basic, okawaru_altar_gauntlet_db,
          portal_sewer_entry_a, chequers_serial_rivers_micro_d
D:4:      minmay_chambers_of_twos, layout_basic, st_stairs_10
D:5:      layout_cave_pods, mainiacjoe_overflow_boulevard, serial_shops,
          nicolae_shop_bloodbath_and_beyond
D:6:      wander_river, layout_loops_cross, grunt_dithmenos_smoke_and_mirrors,
          mainiacjoe_overflow_concentric_impassable, serial_aquarium,
          aquarium_bridge_straight [aquarium_subvault_bridge,
          aquarium_subvault_window, aquarium_subvault_bridge,
          aquarium_subvault_wall], aquarium_window_corner, aquarium_window_1,
          aquarium_window_1, aquarium_view_2c, aquarium_view_2c,
          aquarium_pool_1, kennysheep_potato

Skill      XL: |  1  2  3  4  5  6  7  8 |
---------------+-------------------------+-----
Stealth        | 3 4 |  4.3
Dodging        | 3 4 5 |  5.0
Spellcasting   | 3 4 |  4.6
Poison Magic   | 2 3 4 6 |  6.7
Conjurations   | 5 6 7 |  7.4

Action                     |  1- 3 |  4- 6 |  7- 9 || total
---------------------------+-------+-------+-------++-------
  Melee: Dagger            |     7 |       |       ||     7
         Constrict         |     2 |    11 |     5 ||    18
         Tentacles         |     1 |     6 |     3 ||    10
         Trident           |       |    41 |       ||    41
         Punch             |       |     1 |     1 ||     2
         Short sword       |       |     1 |       ||     1
         Rapier            |       |     7 |    17 ||    24
   Fire: Sling             |    29 |    94 |    73 ||   196
   Cast: Magic Dart        |    21 |       |     4 ||    25
         Searing Ray       |     5 |    18 |    37 ||    60
         Mephitic Cloud    |       |       |     6 ||     6
    Use: Scroll            |       |       |     4 ||     4
         Potion            |       |       |     3 ||     3
   Stab: Sleeping          |       |     4 |       ||     4
 Armour: Skin              |    13 |    40 |    58 ||   111
  Dodge: Dodged            |    28 |    52 |    76 ||   156

Table legend: (Time is in decaauts)
 A = Elapsed time spent in this place.
 B = Non-inter-level travel time spent in this place.
 C = Inter-level travel time spent in this place.
 D = Time resting spent in this place.
 E = Time spent auto-exploring this place.
 F = Levels seen in this place.
 G = Mean time per level.
                   A        B        C        D        E       F      G
               +--------+--------+--------+--------+--------+-----+--------+
         Total |   8134 |   7905 |    229 |   2469 |   4058 |   7 | 1162.0 |
       Dungeon |   7489 |   7260 |    229 |   2232 |   3841 |   6 | 1248.2 |
         Sewer |    644 |    644 |      0 |    237 |    217 |   1 |  644.0 |
               +--------+--------+--------+--------+--------+-----+--------+

Top non-repeatable levels by time:
     D:4: 1940 daAuts
     D:5: 1518 daAuts
     D:3: 1460 daAuts
     D:2: 1001 daAuts
     D:1: 819 daAuts
     D:6: 749 daAuts
   Sewer: 644 daAuts
